 Dungeon Crawl Stone Soup version 0.25.1-8-g42b30a86e7 (webtiles) character file.

Game seed: 6314003096368379083

165 JohnSpartan the Grave Robber (level 5, -9/35 HPs)
             Began as a Mummy Necromancer on Dec 22, 2020.
             Was an Initiate of Nemelex Xobeh.
             Mangled by an ogre
             ... wielding a +0 giant club
              (30 damage)
             ... on level 3 of the Dungeon.
             The game lasted 00:20:46 (3113 turns).

JohnSpartan the Grave Robber (Mummy Necromancer)    Turns: 3113, Time: 00:20:50

Health: -9/35      AC:  2    Str: 11    XL:     5   Next: 21%
Magic:  12/12      EV: 12    Int: 15    God:    Nemelex Xobeh [......]
Gold:   55         SH:  0    Dex: 13    Spells: 9/14 levels left

rFire    x . .     SeeInvis .   f - +0 whip
rCold    + . .     Gourm    .   (no shield)
rNeg     + + +     Faith    .   a - +0 robe
rPois    ∞         Spirit   .   (no helmet)
rElec    .         Reflect  .   (no cloak)
rCorr    .         Harm     .   (no gloves)
MR       .....                  (no boots)
Stlth    ++........             (no amulet)
HPRegen  0.11/turn              (no ring)
MPRegen  0.13/turn              (no ring)

@: no status effects
A: no food or potions, fire vulnerability, cold resistance 1, negative energy
resistance 3, torment resistance, unbreathing
a: Draw Escape, Draw Destruction, Draw Summoning, Renounce Religion


You were on level 3 of the Dungeon.
You worshipped Nemelex Xobeh.
Nemelex Xobeh was noncommittal.
You were not hungry.

You visited 1 branch of the dungeon, and saw 3 of its levels.

You collected 55 gold pieces.

Inventory:

Hand Weapons
 f - a +0 whip (weapon)
Armour
 a - a +0 robe (worn)
Wands
 e - a wand of random effects (17)
Scrolls
 b - 7 scrolls of remove curse
 d - a scroll of identify


   Skills:
 + Level 1.6 Dodging
 + Level 1.9 Stealth
 + Level 5.1 Spellcasting
 + Level 5.1 Necromancy


You had 9 spell levels left.
You knew the following spells:

 Your Spells              Type           Power        Failure   Level  Hunger
a - Pain                  Necr           ###.         1%          1    N/A
b - Animate Skeleton      Necr           N/A          1%          1    N/A
c - Vampiric Draining     Necr           ###.......   6%          3    N/A

Your spell library contained the following spells:

 Spells                   Type           Power        Failure   Level  Hunger
 Animate Dead             Necr           N/A          19%         4    N/A
 Agony                    Necr           ###.....     47%         5    N/A

Dungeon Overview and Level Annotations

Branches:
Dungeon (3/15)

Altars:
Nemelex Xobeh
Okawaru

Annotations:
D:3 Robin


Innate Abilities, Weirdness & Mutations

You do not eat or drink.
Your flesh is vulnerable to fire.
You are immune to poison.
Your flesh is cold resistant. (rC+)
You are immune to negative energy. (rN+++)
You are immune to unholy pain and torment.
You can survive without breathing.


Message History

Press: ? - help, Shift-Dir - straight line, f/p - ogre
Aim: an ogre, wielding a +0 giant club (almost dead, chance to defeat MR: 78%)
The ogre barely resists.
The ogre hits you with a +0 giant club! The ogre closely misses you.
The ogre barely misses you.
There is a stone staircase leading up here.
You climb upwards.
There is a stone staircase leading down here.
You start resting.
Magic restored.
You start resting.
HP restored.
There is a stone staircase leading down here.
You climb downwards.
Level annotation: Robin The ogre hits you with a +0 giant club!
The ogre hits you with a +0 giant club!!
Ouch! That really hurt!
You die...
Your body disappears without a glow.

## .. .## ..# #.
######..#
#.###.O..#..#
#......@....#
#.......[...####
###
#..............+
. .!
#.!.......#.####.
.##.##
#>........+... ..
'....
...........#.###
...##...
####........#.#
.....#.#
####.......#
......g)
#..%....#
......#.


You could see an ogre.

Vanquished Creatures
  Natasha (thrice) (D:2)
  An adder (D:3)
  2 gnolls (D:2)
  2 oozes (D:3)
  A dart slug (D:1)
  2 leopard geckos
  2 orcs (D:3)
  7 bats
  10 goblins
  4 hobgoblins
  5 kobolds
  A ball python (D:3)
  4 frilled lizards
  4 rats
48 creatures vanquished.

Vanquished Creatures (collateral kills)
  A dart slug (D:3)
  2 goblins
  A hobgoblin (D:2)
  A quokka (D:2)
  A bat (D:2)
6 creatures vanquished.

Grand Total: 54 creatures vanquished

Notes
Turn   | Place    | Note
-------+----------+-------------------------------------------
     0 | D:1      | JohnSpartan the Mummy Necromancer began the quest for the
                  | Orb.
     0 | D:1      | Reached XP level 1. HP: 13/13 MP: 4/4
     2 | D:1      | Learned a level 1 spell: Animate Skeleton
   303 | D:1      | Reached XP level 2. HP: 19/19 MP: 3/5
  1380 | D:2      | Reached XP level 3. HP: 14/24 MP: 1/7
  1985 | D:2      | Noticed Natasha
  1994 | D:2      | Killed Natasha
  1994 | D:2      | Reached XP level 4. HP: 28/30 MP: 6/10
  2056 | D:2      | Noticed Natasha
  2062 | D:2      | Killed Natasha
  2062 | D:2      | Reached skill level 5 in Necromancy
  2223 | D:2      | Found an iron altar of Okawaru.
  2356 | D:2      | Noticed Natasha
  2361 | D:2      | Killed Natasha
  2361 | D:2      | Reached skill level 5 in Spellcasting
  2672 | D:3      | Found a sparkling altar of Nemelex Xobeh.
  2677 | D:3      | Became a worshipper of Nemelex Xobeh the Trickster
  2685 | D:3      | Learned a level 3 spell: Vampiric Draining
  2695 | D:3      | Reached XP level 5. HP: 27/35 MP: 0/12
  2816 | D:3      | Received a gift from Nemelex Xobeh
  2882 | D:3      | Noticed Robin
  2903 | D:3      | Noticed an ogre
  3113 | D:3      | Mangled by an ogre

Illustrated notes

Levels and vault maps discovered:
D:1:      dpeg_arrival_tiny_f, layout_basic
D:2:      layout_basic, kennysheep_okawaru_gauntlet, kennysheep_generic_room_16,
          uniq_natasha
D:3:      layout_basic, marbit_many_paths, minmay_strange_pillars,
          nemelex_dance_club_becter, uniq_robin, uniq_terence

Skill      XL: |  1  2  3  4 |
---------------+-------------+-----
Spellcasting   | 3 4 5 |  5.1
Necromancy     | 5 |  5.1
Dodging        | |  1.6
Stealth        | |  1.9

Action                   |  1- 3 |  4- 6 || total
-------------------------+-------+-------++-------
Melee: Unarmed           |     1 |     2 ||     3
 Cast: Pain              |    55 |    47 ||   102
       Animate Skeleton  |     5 |     8 ||    13
       Vampiric Draining |       |     2 ||     2
Invok: Draw Destruction  |       |     1 ||     1
  Use: Scroll            |     4 |     3 ||     7
Armor: Robe              |     1 |    11 ||    12
Dodge: Dodged            |    20 |    28 ||    48
